SNL (28 & UNDER)
SANTA FE DIABLOS @ BEAUMONT ROUGHNECKS
04/17/2028
 
TOP OF THE 1ST
Santa Fe Diablos batting - Pitching for Beaumont Roughnecks : RHP Jesús Ortíz
Pitching: RHP Jesús Ortíz
Batting: RHB Keith Jones 0-0: Ball
1-0: Foul Ball, location: 2F
1-1: Called Strike
1-2: Strikes out swinging
Batting: RHB Tim Adkins 0-0: Called Strike
0-1: Ball
1-1: Ball
2-1: Ball
3-1: Ground out 1-3 (Groundball, 13)
Batting: LHB Michael Barrett 0-0: Swinging Strike
0-1: Ball
1-1: Called Strike
1-2: Ball
2-2: SOLO HOME RUN (Flyball, 8LXD) (Inside the Park)
Batting: LHB Juan Torres 0-0: Ground out 6-3 (Groundball, 6MS)
Top of the 1st over - 1 run(s), 1 hit(s), 0 error(s), 0 left on base; Santa Fe 1 - Beaumont 0
BOTTOM OF THE 1ST
Beaumont Roughnecks batting - Pitching for Santa Fe Diablos : RHP Jerry Campbell
Pitching: RHP Jerry Campbell
Batting: LHB Tony Rivera 0-0: Ball
1-0: SINGLE (Line Drive, 8LS)
Batting: RHB Darwin Crane 0-0: Ball
1-0: Called Strike
Tony Rivera steals 2nd base
1-1: Swinging Strike
1-2: Fly out, F9 (Line Drive, 9D)
Runner from 2nd tags up, SAFE at 3rd, no throw
Batting: LHB Cam Flowers 0-0: Foul Ball, location: 2F
0-1: SINGLE (Groundball, 4MD)
Tony Rivera scores
Batting: RHB Si-xun Li Pickoff Throw to First - Out!
0-0: Ball
1-0: Ball
2-0: Swinging Strike
2-1: Ball
3-1: Foul Ball, location: 2F
3-2: Foul Ball, location: 2F
3-2: Strikes out swinging
Bottom of the 1st over - 1 run(s), 2 hit(s), 0 error(s), 0 left on base; Santa Fe 1 - Beaumont 1
TOP OF THE 2ND
Santa Fe Diablos batting - Pitching for Beaumont Roughnecks : RHP Jesús Ortíz
Batting: SHB Tex White 0-0: Foul Ball, location: 2F
0-1: Ball
1-1: Ball
2-1: Called Strike
2-2: Ball
3-2: Fly out, F8 (Flyball, 8LS)
Batting: LHB Arturo Rodledo 0-0: Ball
1-0: Ball
2-0: Ball
3-0: Called Strike
3-1: Swinging Strike
3-2: Strikes out swinging
Batting: RHB Mike Martin 0-0: Foul Ball, location: 2F
0-1: Ball
1-1: Ball
2-1: Foul Ball, location: 2F
2-2: Strikes out swinging, 2-3 out at first.
Top of the 2nd over - 0 run(s), 0 hit(s), 0 error(s), 0 left on base; Santa Fe 1 - Beaumont 1
BOTTOM OF THE 2ND
Beaumont Roughnecks batting - Pitching for Santa Fe Diablos : RHP Jerry Campbell
Batting: LHB Bernardo Morales 0-0: Ground out U3 (Groundball, 34)
Batting: RHB Albert Alemán 0-0: Ball
1-0: Swinging Strike
1-1: Ball
2-1: Ball
3-1: Base on Balls
Batting: SHB Keith Gratton 0-0: Foul Ball, location: 2F
0-1: Ball
1-1: Foul Ball, location: 2F
1-2: Reached on error, E4 (Groundball, 4)
Albert Alemán to second
Batting: RHB Miguel Costa 0-0: Foul Ball, location: 2F
0-1: Ball
1-1: Ball
2-1: Foul Ball, location: 2F
2-2: Fly out, F3 (Line Drive, 3S)
Lined into DP, U3 (Line Drive, 3S)
Bottom of the 2nd over - 0 run(s), 0 hit(s), 1 error(s), 1 left on base; Santa Fe 1 - Beaumont 1
TOP OF THE 3RD
Santa Fe Diablos batting - Pitching for Beaumont Roughnecks : RHP Jesús Ortíz
Batting: RHB Ricardo Remedios 0-0: Swinging Strike
0-1: Called Strike
0-2: Strikes out looking
Batting: LHB Javier Martínez 0-0: Called Strike
0-1: Foul Ball, location: 2F
0-2: Ball
1-2: Ball
2-2: Foul Ball, location: 2F
2-2: Ball
3-2: Fly out, F6 (Flyball, 56D)
Batting: RHB Keith Jones 0-0: Called Strike
0-1: Ball
1-1: Fly out, F4 (Line Drive, 4M)
Top of the 3rd over - 0 run(s), 0 hit(s), 0 error(s), 0 left on base; Santa Fe 1 - Beaumont 1
BOTTOM OF THE 3RD
Beaumont Roughnecks batting - Pitching for Santa Fe Diablos : RHP Jerry Campbell
Batting: RHB António Aguilar 0-0: Ball
1-0: Foul Ball, location: 2F
1-1: DOUBLE (Line Drive, 89D)
Pinch Runner at 2nd Jeff Mason:
Batting: LHB Tony Rivera 0-0: Ground out U3 (Groundball, 3L)
Jeff Mason to third
Batting: RHB Darwin Crane 0-0: Swinging Strike
0-1: Ball
1-1: Fly out, F8 (Flyball, 8LM)
Runner from 3rd tags up, OUT at HOME
Bottom of the 3rd over - 0 run(s), 1 hit(s), 0 error(s), 0 left on base; Santa Fe 1 - Beaumont 1
TOP OF THE 4TH
Santa Fe Diablos batting - Pitching for Beaumont Roughnecks : RHP Jesús Ortíz
Now in CF: Jeff Mason
Batting: RHB Tim Adkins 0-0: Ball
1-0: Swinging Strike
1-1: Foul Ball, location: 2F
1-2: Strikes out swinging
Batting: LHB Michael Barrett 0-0: Called Strike
0-1: Called Strike
0-2: Ball
1-2: Fly out, F8 (Line Drive, 8LS)
Batting: LHB Juan Torres 0-0: SINGLE (Groundball, 56D)
Batting: SHB Tex White 0-0: Foul Ball, location: 2F
0-1: Ball
1-1: Fielders Choice at 2nd, U6 (Groundball, 6M)
Top of the 4th over - 0 run(s), 1 hit(s), 0 error(s), 1 left on base; Santa Fe 1 - Beaumont 1
BOTTOM OF THE 4TH
Beaumont Roughnecks batting - Pitching for Santa Fe Diablos : RHP Jerry Campbell
Batting: LHB Cam Flowers 0-0: Called Strike
0-1: Fly out, F9 (Flyball, 9)
Batting: RHB Si-xun Li 0-0: Ball
1-0: Foul Ball, location: 2F
1-1: SOLO HOME RUN (Flyball, 78XD), Distance : 420 ft
Batting: LHB Bernardo Morales 0-0: Foul Ball, location: 2F
0-1: Ground out 4-3 (Groundball, 4)
Batting: RHB Albert Alemán 0-0: Ball
1-0: Called Strike
1-1: Swinging Strike
1-2: Ball
2-2: Foul Ball, location: 2F
2-2: Foul Ball, location: 2F
2-2: Ball
3-2: Base on Balls
Batting: SHB Keith Gratton 0-0: Called Strike
0-1: Foul Ball, location: 2F
0-2: Foul Ball, location: 2F
0-2: Ball
1-2: Foul Ball, location: 2F
1-2: Ball
2-2: Ground out 4-3 (Groundball, 34)
Bottom of the 4th over - 1 run(s), 1 hit(s), 0 error(s), 1 left on base; Santa Fe 1 - Beaumont 2
TOP OF THE 5TH
Santa Fe Diablos batting - Pitching for Beaumont Roughnecks : RHP Jesús Ortíz
Batting: LHB Arturo Rodledo 0-0: Called Strike
0-1: Called Strike
0-2: Ball
1-2: Fly out, F7 (Flyball, 78D)
Batting: RHB Mike Martin 0-0: Called Strike
0-1: Foul Ball, location: 2F
0-2: Ball
1-2: Strikes out swinging
Batting: RHB Ricardo Remedios 0-0: Called Strike
0-1: Ball
1-1: Foul Ball, location: 2F
1-2: Ball
2-2: Strikes out swinging
Top of the 5th over - 0 run(s), 0 hit(s), 0 error(s), 0 left on base; Santa Fe 1 - Beaumont 2
BOTTOM OF THE 5TH
Beaumont Roughnecks batting - Pitching for Santa Fe Diablos : RHP Jerry Campbell
Batting: RHB Miguel Costa 0-0: SOLO HOME RUN (Flyball, 8RXD) (Inside the Park)
Batting: RHB Jeff Mason 0-0: Ball
1-0: Ball
2-0: Ball
3-0: Called Strike
3-1: Foul Ball, location: 2F
3-2: Base on Balls
Batting: LHB Tony Rivera 0-0: Ball
1-0: Ball
2-0: Ball
3-0: Called Strike
3-1: Base on Balls
Jeff Mason to second
Batting: RHB Darwin Crane 0-0: Ball
1-0: Called Strike
1-1: Grounds into double play, 5-4-3 (Groundball, 5)
Jeff Mason to third
Batting: LHB Cam Flowers 0-0: Ball
1-0: Ball
2-0: Ball
3-0: Base on Balls
Batting: RHB Si-xun Li 0-0: Ball
1-0: Called Strike
1-1: Swinging Strike
1-2: Foul Ball, location: 2F
1-2: Ball
2-2: DOUBLE (Line Drive, 7LM)
Jeff Mason scores
Cam Flowers to third
Runner from 3rd tries for Home, SAFE, no throw
Batting: LHB Bernardo Morales 0-0: Ball
1-0: Foul Ball, location: 2F
1-1: Ball
2-1: Foul Ball, location: 2F
2-2: Foul Ball, location: 2F
2-2: Ball
3-2: Foul Ball, location: 2F
3-2: Foul Ball, location: 2F
3-2: Base on Balls
Pitching: RHP Josh Carson
Batting: RHB Albert Alemán 0-0: SINGLE (Line Drive, 6MD)
Si-xun Li to third
Bernardo Morales to second
Runner from 3rd tries for Home, SAFE, no throw
Batting: SHB Keith Gratton 0-0: Fly out, F7 (Flyball, 7)
Bottom of the 5th over - 4 run(s), 3 hit(s), 0 error(s), 2 left on base; Santa Fe 1 - Beaumont 6
TOP OF THE 6TH
Santa Fe Diablos batting - Pitching for Beaumont Roughnecks : RHP Jesús Ortíz
Pitching: RHP Dave Hammond
Batting: LHB Javier Martínez 0-0: Ball
1-0: Swinging Strike
1-1: Foul Ball, location: 2F
1-2: Strikes out looking
Batting: RHB Keith Jones 0-0: Called Strike
0-1: Ball
1-1: Ball
2-1: Ground out 6-3 (Groundball, 6)
Batting: RHB Tim Adkins 0-0: Fly out, F2 (Popup, 3S)
Top of the 6th over - 0 run(s), 0 hit(s), 0 error(s), 0 left on base; Santa Fe 1 - Beaumont 6
BOTTOM OF THE 6TH
Beaumont Roughnecks batting - Pitching for Santa Fe Diablos : RHP Josh Carson
Batting: RHB Miguel Costa 0-0: Called Strike
0-1: Foul Ball, location: 2F
0-2: Ball
1-2: Foul Ball, location: 2F
1-2: Foul Ball, location: 2F
1-2: SINGLE (Line Drive, 4MD)
Batting: RHB Jeff Mason 0-0: Swinging Strike
0-1: Ball
1-1: Ball
2-1: Ball
3-1: Base on Balls
Miguel Costa to second
Batting: LHB Tony Rivera 0-0: Ball
1-0: Ball
2-0: Ball
3-0: Base on Balls
Miguel Costa to third
Jeff Mason to second
Batting: RHB Darwin Crane 0-0: Called Strike
0-1: Called Strike
0-2: Ball
1-2: Strikes out swinging
Batting: LHB Cam Flowers 0-0: Called Strike
0-1: Swinging Strike
0-2: Strikes out swinging
Batting: RHB Si-xun Li 0-0: Ball
1-0: Ball
2-0: Called Strike
2-1: GRAND SLAM HOME RUN (Flyball, 7LD), Distance : 370 ft
Pitching: RHP Jacob Bryant
Batting: LHB Bernardo Morales 0-0: Called Strike
0-1: Ball
1-1: Swinging Strike
1-2: Strikes out swinging
Bottom of the 6th over - 4 run(s), 2 hit(s), 0 error(s), 0 left on base; Santa Fe 1 - Beaumont 10
TOP OF THE 7TH
Santa Fe Diablos batting - Pitching for Beaumont Roughnecks : RHP Dave Hammond
Batting: LHB Michael Barrett 0-0: Ball
1-0: Ball
2-0: Ball
3-0: Called Strike
3-1: Fly out, F7 (Line Drive, 78S)
Batting: LHB Juan Torres 0-0: Foul Ball, location: 2F
0-1: Ball
1-1: Foul Ball, location: 2F
1-2: Ball
2-2: Foul Ball, location: 2F
2-2: Foul Ball, location: 2F
2-2: Ball
3-2: Fly out, F6 (Line Drive, 6)
Batting: SHB Tex White 0-0: Ball
1-0: Called Strike
1-1: Called Strike
1-2: Ground out 1-3 (Groundball, 15)
Top of the 7th over - 0 run(s), 0 hit(s), 0 error(s), 0 left on base; Santa Fe 1 - Beaumont 10
BOTTOM OF THE 7TH
Beaumont Roughnecks batting - Pitching for Santa Fe Diablos : RHP Jacob Bryant
Batting: RHB Albert Alemán 0-0: Ball
1-0: Ball
2-0: Ball
3-0: Base on Balls
Batting: SHB Keith Gratton 0-0: Foul Ball, location: 2F
0-1: Fly out, F8 (Flyball, 8LM)
Batting: RHB Miguel Costa 0-0: Fielders Choice at 2nd, 5-4 (Groundball, 56)
Batting: RHB Jeff Mason 0-0: Ball
1-0: Called Strike
1-1: Called Strike
1-2: Ball
2-2: Foul Ball, location: 2F
2-2: Foul Ball, location: 2F
2-2: Strikes out swinging
Bottom of the 7th over - 0 run(s), 0 hit(s), 0 error(s), 1 left on base; Santa Fe 1 - Beaumont 10
TOP OF THE 8TH
Santa Fe Diablos batting - Pitching for Beaumont Roughnecks : RHP Dave Hammond
Batting: LHB Arturo Rodledo 0-0: Called Strike
0-1: Swinging Strike
0-2: Foul Ball, location: 2F
0-2: Ball
1-2: Foul Ball, location: 2F
1-2: Foul Ball, location: 2F
1-2: Foul Ball, location: 2F
1-2: Strikes out swinging
Batting: RHB Mike Martin 0-0: Swinging Strike
0-1: Foul Ball, location: 2F
0-2: Strikes out swinging
Batting: RHB Ricardo Remedios 0-0: Foul Ball, location: 2F
0-1: Called Strike
0-2: Ground out 6-3 (Groundball, 6)
Top of the 8th over - 0 run(s), 0 hit(s), 0 error(s), 0 left on base; Santa Fe 1 - Beaumont 10
BOTTOM OF THE 8TH
Beaumont Roughnecks batting - Pitching for Santa Fe Diablos : RHP Jacob Bryant
Batting: LHB Tony Rivera 0-0: Foul Ball, location: 2F
0-1: Called Strike
0-2: SINGLE (Line Drive, 9S)
Batting: RHB Darwin Crane 0-0: Ball
1-0: SINGLE (Groundball, 4MD)
Tony Rivera to second
Batting: LHB Cam Flowers 0-0: Foul Ball, location: 2F
0-1: Ball
1-1: Ball
2-1: Foul Ball, location: 2F
2-2: DOUBLE (Groundball, 3L)
Tony Rivera scores
Darwin Crane to third
Runner from 3rd tries for Home, SAFE, no throw
Batting: RHB Si-xun Li 0-0: Ball
1-0: Ball
2-0: Ball
3-0: Called Strike
3-1: Base on Balls
Batting: LHB Bernardo Morales 0-0: Called Strike
0-1: Ball
1-1: Swinging Strike
1-2: Strikes out looking
Batting: RHB Albert Alemán 0-0: Ball
1-0: Ball
2-0: Foul Ball, location: 2F
2-1: Foul Ball, location: 2F
2-2: Ball
3-2: Strikes out swinging
Batting: SHB Keith Gratton 0-0: Fly out, F9 (Flyball, 9S)
Bottom of the 8th over - 2 run(s), 3 hit(s), 0 error(s), 2 left on base; Santa Fe 1 - Beaumont 12
TOP OF THE 9TH
Santa Fe Diablos batting - Pitching for Beaumont Roughnecks : RHP Dave Hammond
Pitching: RHP John Harvey
Batting: LHB Javier Martínez 0-0: Ball
1-0: Fly out, F9 (Flyball, 9LSF)
Batting: RHB Keith Jones 0-0: Ball
1-0: Ball
2-0: Called Strike
2-1: Foul Ball, location: 2F
2-2: Foul Ball, location: 2F
2-2: Ball
3-2: Foul Ball, location: 2F
3-2: TRIPLE (Flyball, 9LM)
Batting: RHB Tim Adkins 0-0: Foul Ball, location: 2F
0-1: Fly out, F7 (Flyball, 7)
Runner from 3rd tags up, SCORES, throw made
Batting: LHB Michael Barrett 0-0: Foul Ball, location: 2F
0-1: Ball
1-1: Swinging Strike
1-2: Strikes out swinging
Top of the 9th over - 1 run(s), 1 hit(s), 0 error(s), 0 left on base; Santa Fe 2 - Beaumont 12
Tuesday, August 8th, 2017 - OOTP Baseball 17.12 Build 75